| TOP OF THE 1ST |
|
Albuquerque Isotopes batting - Pitching for Lehigh Valley IronPigs : RHP Jeff Dailey
|
|
Pitching: RHP Jeff Dailey
|
|
|
Batting: LHB Alfredo de la Cruz
|
0-0: Swinging Strike 0-1: Fly out, F9 (Flyball, 9D, EV 108.8 MPH)
|
|
Batting: RHB Sadataka Kuwahara
|
0-0: Foul Ball, location: 2F 0-1: Swinging Strike 0-2: Ball 1-2: Ground out 6-3 (Groundball, 6, EV 84.4 MPH)
|
|
Batting: SHB Jamel Wright
|
0-0: Ball 1-0: Called Strike 1-1: Ball 2-1: SINGLE (Groundball, 6D, EV 109.4 MPH)
|
|
Batting: LHB Gabe Harvey
|
0-0: Called Strike 0-1: Ball 1-1: Ball Jamel Wright is caught stealing 2nd base 2-6
|
| Top of the 1st over - 0 runs, 1 hit, 0 errors, 0 left on base; Albuquerque 0 - Lehigh Valley 0 |
| BOTTOM OF THE 1ST |
|
Lehigh Valley IronPigs batting - Pitching for Albuquerque Isotopes : RHP Brett Rosinsky
|
|
Pitching: RHP Brett Rosinsky
|
|
|
Batting: LHB Theodore Conboy
|
0-0: Foul Ball, location: 2F 0-1: Ground out 4-3 (Groundball, 4, EV 111.9 MPH)
|
|
Batting: RHB Alberto Ramirez
|
0-0: Called Strike 0-1: SINGLE (Groundball, 6MD, EV 97.5 MPH)
|
|
Batting: RHB Carlos Morejon
|
0-0: Ball 1-0: Foul Ball, location: 2F 1-1: Fly out, F7 (Flyball, 7, EV 90.6 MPH)
|
|
Batting: LHB Josh George
|
0-0: Ground out U3 (Groundball, 3, EV 100.0 MPH)
|
| Bottom of the 1st over - 0 runs, 1 hit, 0 errors, 1 left on base; Albuquerque 0 - Lehigh Valley 0 |
| TOP OF THE 2ND |
|
Albuquerque Isotopes batting - Pitching for Lehigh Valley IronPigs : RHP Jeff Dailey
|
|
Batting: LHB Gabe Harvey
|
0-0: Called Strike 0-1: Ball 1-1: Fly out, F8 (Flyball, 89M, EV 93.1 MPH)
|
|
Batting: LHB Adam Hill
|
0-0: Called Strike 0-1: Ball 1-1: Ball 2-1: SINGLE (Groundball, 13, EV 63.8 MPH) (infield hit)
|
|
Batting: RHB Mike Ball
|
0-0: Swinging Strike 0-1: Ball 1-1: Fly out, F8 (Flyball, 8RM, EV 87.5 MPH)
|
|
Batting: LHB Pablo Cardona
|
0-0: Called Strike 0-1: Ball 1-1: Ball 2-1: Foul Ball, location: 2F 2-2: Strikes out swinging
|
| Top of the 2nd over - 0 runs, 1 hit, 0 errors, 1 left on base; Albuquerque 0 - Lehigh Valley 0 |
| BOTTOM OF THE 2ND |
|
Lehigh Valley IronPigs batting - Pitching for Albuquerque Isotopes : RHP Brett Rosinsky
|
|
Batting: RHB Mark Schultz
|
0-0: Foul Ball, location: 2F 0-1: Called Strike 0-2: Ball 1-2: Ball 2-2: Fly out, F7 (Flyball, 7LD, EV 100.6 MPH)
|
|
Batting: SHB Marco de Leon
|
0-0: Ball 1-0: Ball 2-0: Ball 3-0: Called Strike 3-1: Base on Balls
|
|
Batting: SHB Benjamin Brown
|
0-0: Ball 1-0: Called Strike 1-1: Ball 2-1: Foul Ball, location: 2F 2-2: Strikes out swinging
|
|
Batting: RHB Moritake Fukumoto
|
0-0: Foul Ball, location: 2F 0-1: SINGLE (Groundball, 56D, EV 95.0 MPH) Marco de Leon to second
|
|
Batting: RHB Kyle Reilly
|
0-0: Called Strike 0-1: Ball 1-1: Ball 2-1: Ball 3-1: Base on Balls Marco de Leon to third Moritake Fukumoto to second
|
|
Batting: LHB Theodore Conboy
|
0-0: Called Strike 0-1: Swinging Strike 0-2: Ball 1-2: Ball 2-2: Foul Ball, location: 2F 2-2: Ball 3-2: Foul Ball, location: 2F 3-2: Base on Balls Marco de Leon scores Moritake Fukumoto to third Kyle Reilly to second
|
|
Batting: RHB Alberto Ramirez
|
0-0: Ball 1-0: Ball 2-0: Ground out 1-3 (Groundball, 13S, EV 66.9 MPH)
|
| Bottom of the 2nd over - 1 run, 1 hit, 0 errors, 3 left on base; Albuquerque 0 - Lehigh Valley 1 |
| TOP OF THE 3RD |
|
Albuquerque Isotopes batting - Pitching for Lehigh Valley IronPigs : RHP Jeff Dailey
|
|
Batting: SHB Mike Williams
|
0-0: Ball 1-0: SINGLE (Groundball, 6S, EV 66.2 MPH) (infield hit)
|
|
Batting: RHB Vinny Estrada
|
0-0: Foul Ball, location: 2F 0-1: Swinging Strike 0-2: Strikes out looking
|
|
Batting: LHB Alfredo de la Cruz
|
0-0: Ball 1-0: Called Strike 1-1: SINGLE (Groundball, 6S, EV 71.2 MPH) (infield hit) Mike Williams to second
|
|
Batting: RHB Sadataka Kuwahara
|
0-0: Called Strike 0-1: Foul Ball, location: 2F 0-2: Ball 1-2: Ball 2-2: SINGLE (Line Drive, 8LS, EV 106.2 MPH) Mike Williams to third Alfredo de la Cruz to second Runner from 3rd tries for Home, SAFE, throw by CF to home
|
|
Now in CF: Jose Carlos
|
|
|
Batting: SHB Jamel Wright
|
0-0: Ball Alfredo de la Cruz steals 3rd base (no throw) Sadataka Kuwahara to second 1-0: Foul Ball, location: 2F 1-1: Swinging Strike 1-2: Fly out, F7 (Flyball, 78S, EV 85.0 MPH)
|
|
Batting: LHB Gabe Harvey
|
0-0: Called Strike 0-1: Ball 1-1: Ground out 6-3 (Groundball, 6D, EV 89.4 MPH)
|
| Top of the 3rd over - 1 run, 3 hits, 0 errors, 2 left on base; Albuquerque 1 - Lehigh Valley 1 |
| BOTTOM OF THE 3RD |
|
Lehigh Valley IronPigs batting - Pitching for Albuquerque Isotopes : RHP Brett Rosinsky
|
|
Batting: RHB Carlos Morejon
|
0-0: Ball 1-0: Ball 2-0: Ground out 1-3 (Groundball, 15S, EV 68.1 MPH)
|
|
Batting: LHB Jose Carlos
|
0-0: Ball 1-0: Swinging Strike 1-1: Fly out, F8 (Flyball, 8RXD, EV 101.2 MPH)
|
|
Batting: RHB Mark Schultz
|
0-0: Ball 1-0: SOLO HOME RUN (Flyball, 9LD, EV 95.6 MPH), Distance : 358 ft
|
|
Batting: SHB Marco de Leon
|
0-0: Ball 1-0: Swinging Strike 1-1: Ground out 4-3 (Groundball, 34D, EV 81.2 MPH)
|
| Bottom of the 3rd over - 1 run, 1 hit, 0 errors, 0 left on base; Albuquerque 1 - Lehigh Valley 2 |
| TOP OF THE 4TH |
|
Albuquerque Isotopes batting - Pitching for Lehigh Valley IronPigs : RHP Jeff Dailey
|
|
Batting: LHB Adam Hill
|
0-0: Swinging Strike 0-1: Ball 1-1: Ground out 5-3 (Groundball, 56S, EV 90.6 MPH)
|
|
Batting: RHB Mike Ball
|
0-0: Ball 1-0: Ground out 1-3 (Groundball, 15, EV 65.0 MPH)
|
|
Batting: LHB Pablo Cardona
|
0-0: Ball 1-0: Ground out 1-3 (Groundball, P, EV 63.8 MPH)
|
| Top of the 4th over - 0 runs, 0 hits, 0 errors, 0 left on base; Albuquerque 1 - Lehigh Valley 2 |
| BOTTOM OF THE 4TH |
|
Lehigh Valley IronPigs batting - Pitching for Albuquerque Isotopes : RHP Brett Rosinsky
|
|
Batting: SHB Benjamin Brown
|
0-0: Ball 1-0: Foul Ball, location: 2F 1-1: Fly out, F9 (Flyball, 9S, EV 93.8 MPH)
|
|
Batting: RHB Moritake Fukumoto
|
0-0: Foul Ball, location: 2F 0-1: Foul Ball, location: 2F 0-2: Ball 1-2: Ball 2-2: Fly out, F8 (Line Drive, 8RM, EV 94.4 MPH)
|
|
Batting: RHB Kyle Reilly
|
0-0: Called Strike 0-1: Fly out, F7 (Line Drive, 78M, EV 108.1 MPH)
|
| Bottom of the 4th over - 0 runs, 0 hits, 0 errors, 0 left on base; Albuquerque 1 - Lehigh Valley 2 |
| TOP OF THE 5TH |
|
Albuquerque Isotopes batting - Pitching for Lehigh Valley IronPigs : RHP Jeff Dailey
|
|
Batting: SHB Mike Williams
|
0-0: Called Strike 0-1: Ball 1-1: Ball 2-1: Ball 3-1: SINGLE (Groundball, 4M, EV 99.4 MPH)
|
|
Batting: RHB Vinny Estrada
|
0-0: Called Strike 0-1: Ball 1-1: Ball 2-1: Foul Ball, location: 2F 2-2: Ball 3-2: Ground out 6-3 (Groundball, 4M, EV 86.9 MPH) Mike Williams to second
|
|
Batting: LHB Alfredo de la Cruz
|
0-0: Foul Ball, location: 2F 0-1: Foul Ball, location: 2F 0-2: SINGLE (Groundball, 34D, EV 107.5 MPH) Mike Williams to third Runner from 3rd tries for Home, SAFE, throw by RF to home Alfredo de la Cruz to second
|
|
Batting: RHB Sadataka Kuwahara
|
0-0: Foul Ball, location: 2F 0-1: Ball 1-1: TRIPLE (Flyball, 89XD, EV 101.2 MPH) Alfredo de la Cruz scores
|
|
Batting: SHB Jamel Wright
|
0-0: Called Strike 0-1: Ball 1-1: Ball 2-1: Fly out, F8 (Line Drive, 8LD, EV 108.8 MPH) Runner from 3rd tags up, OUT at HOME! 8-2
|
| Top of the 5th over - 2 runs, 3 hits, 0 errors, 0 left on base; Albuquerque 3 - Lehigh Valley 2 |
| BOTTOM OF THE 5TH |
|
Lehigh Valley IronPigs batting - Pitching for Albuquerque Isotopes : RHP Brett Rosinsky
|
|
Batting: LHB Theodore Conboy
|
0-0: Called Strike 0-1: Ball 1-1: Swinging Strike 1-2: Foul Ball, location: 2F 1-2: Strikes out swinging
|
|
Batting: RHB Alberto Ramirez
|
0-0: Swinging Strike 0-1: Ball 1-1: Fly out, F7 (Flyball, 78M, EV 90.0 MPH)
|
|
Batting: RHB Carlos Morejon
|
0-0: Ball 1-0: Fly out, F8 (Line Drive, 8RM, EV 93.8 MPH)
|
| Bottom of the 5th over - 0 runs, 0 hits, 0 errors, 0 left on base; Albuquerque 3 - Lehigh Valley 2 |
| TOP OF THE 6TH |
|
Albuquerque Isotopes batting - Pitching for Lehigh Valley IronPigs : RHP Jeff Dailey
|
|
Batting: LHB Gabe Harvey
|
0-0: Ball 1-0: Ground out 1-3 (Groundball, 15S, EV 76.9 MPH)
|
|
Batting: LHB Adam Hill
|
0-0: Ground out 6-3 (Groundball, 6, EV 90.0 MPH)
|
|
Batting: RHB Mike Ball
|
0-0: Ball 1-0: Ball 2-0: Called Strike 2-1: DOUBLE (Line Drive, 5D, EV 96.9 MPH)
|
|
Batting: LHB Pablo Cardona
|
0-0: Ball 1-0: Ball 2-0: Ball 3-0: Base on Balls
|
|
Batting: SHB Mike Williams
|
0-0: Ball 1-0: Ground out 1-3 (Groundball, 13S, EV 63.8 MPH)
|
| Top of the 6th over - 0 runs, 1 hit, 0 errors, 2 left on base; Albuquerque 3 - Lehigh Valley 2 |
| BOTTOM OF THE 6TH |
|
Lehigh Valley IronPigs batting - Pitching for Albuquerque Isotopes : RHP Brett Rosinsky
|
|
Batting: LHB Jose Carlos
|
0-0: Ball 1-0: Ball 2-0: Foul Ball, location: 2F 2-1: Foul Ball, location: 2F 2-2: SINGLE (Line Drive, 6D, EV 111.9 MPH)
|
|
Batting: RHB Mark Schultz
|
0-0: Foul Ball, location: 2F 0-1: Swinging Strike 0-2: SINGLE (Groundball, 15S, EV 66.2 MPH) (infield hit) Jose Carlos to second
|
|
Batting: SHB Marco de Leon
|
0-0: Ball 1-0: Ball 2-0: Called Strike 2-1: Called Strike 2-2: Ball 3-2: Base on Balls Jose Carlos to third Mark Schultz to second
|
|
Batting: SHB Benjamin Brown
|
0-0: Grounds into double play, 4-6-3 (Groundball, 4, EV 81.9 MPH) Jose Carlos scores Mark Schultz to third
|
|
Batting: RHB Moritake Fukumoto
|
0-0: Ball 1-0: Fly out, F8 (Line Drive, 8LM, EV 103.1 MPH)
|
| Bottom of the 6th over - 1 run, 2 hits, 0 errors, 1 left on base; Albuquerque 3 - Lehigh Valley 3 |
| TOP OF THE 7TH |
|
Albuquerque Isotopes batting - Pitching for Lehigh Valley IronPigs : RHP Jeff Dailey
|
|
Batting: RHB Vinny Estrada
|
0-0: Ground out 6-3 (Groundball, 56, EV 80.6 MPH)
|
|
Batting: LHB Alfredo de la Cruz
|
0-0: Foul Ball, location: 2F 0-1: Called Strike 0-2: Strikes out swinging
|
|
Batting: RHB Sadataka Kuwahara
|
0-0: Called Strike 0-1: Ball 1-1: Foul Ball, location: 2F 1-2: Ball 2-2: Strikes out swinging
|
| Top of the 7th over - 0 runs, 0 hits, 0 errors, 0 left on base; Albuquerque 3 - Lehigh Valley 3 |
| BOTTOM OF THE 7TH |
|
Lehigh Valley IronPigs batting - Pitching for Albuquerque Isotopes : RHP Brett Rosinsky
|
|
Batting: RHB Kyle Reilly
|
0-0: Ball 1-0: Ball 2-0: Ball 3-0: Called Strike 3-1: Base on Balls
|
|
Batting: LHB Theodore Conboy
|
0-0: Ball Kyle Reilly steals 2nd base 1-0: Ball 2-0: Foul Ball, location: 2F 2-1: Ball 3-1: Sac Bunt to P - play at first, batter OUT! 1-3 Kyle Reilly to third
|
|
Pitching: LHP Angel Contreras
|
|
|
Batting: RHB Alberto Ramirez
|
0-0: Swinging Strike 0-1: Ball 1-1: Swinging Strike 1-2: Ball 2-2: Fly out, F7 (Flyball, 7S, EV 91.2 MPH)
|
|
Batting: RHB Carlos Morejon
|
0-0: Ball 1-0: Foul Ball, location: 2F 1-1: Called Strike 1-2: Ball 2-2: Strikes out swinging
|
| Bottom of the 7th over - 0 runs, 0 hits, 0 errors, 1 left on base; Albuquerque 3 - Lehigh Valley 3 |
| TOP OF THE 8TH |
|
Albuquerque Isotopes batting - Pitching for Lehigh Valley IronPigs : RHP Jeff Dailey
|
|
Batting: SHB Jamel Wright
|
0-0: Called Strike 0-1: Ball 1-1: DOUBLE (Line Drive, 9LM, EV 108.8 MPH)
|
|
Pitching: LHP Brian Wildrick
|
|
|
Batting: LHB Gabe Harvey
|
0-0: Ball 1-0: Foul Ball, location: 2F 1-1: Called Strike 1-2: Strikes out looking
|
|
Pinch Hitting: RHB Nick Cummings
|
0-0: Ball 1-0: Called Strike 1-1: Called Strike 1-2: Ground out 5-3 (Groundball, 56S, EV 81.2 MPH)
|
|
Pitching: RHP Alex Florez
|
|
|
Batting: RHB Mike Ball
|
0-0: Swinging Strike 0-1: Ball 1-1: Ball 2-1: Foul Ball, location: 2F 2-2: Ball 3-2: Base on Balls
|
|
Batting: LHB Pablo Cardona
|
0-0: Ball 1-0: Called Strike 1-1: Ball 2-1: Ground out U3 (Groundball, 34, EV 88.1 MPH)
|
| Top of the 8th over - 0 runs, 1 hit, 0 errors, 2 left on base; Albuquerque 3 - Lehigh Valley 3 |
| BOTTOM OF THE 8TH |
|
Lehigh Valley IronPigs batting - Pitching for Albuquerque Isotopes : LHP Angel Contreras
|
|
Now at SS: Joe LaDue
|
|
|
Batting: LHB Jose Carlos
|
0-0: Called Strike 0-1: DOUBLE (Groundball, 5L, EV 101.9 MPH)
|
|
Batting: RHB Mark Schultz
|
0-0: Intentional Walk
|
|
Batting: SHB Marco de Leon
|
0-0: Ball 1-0: Fly out, F7 (Flyball, 7, EV 79.4 MPH)
|
|
Batting: SHB Benjamin Brown
|
0-0: Ball 1-0: Foul Ball, location: 2F 1-1: Ball 2-1: Grounds into double play, 4-6-3 (Groundball, 34, EV 83.1 MPH)
|
| Bottom of the 8th over - 0 runs, 1 hit, 0 errors, 1 left on base; Albuquerque 3 - Lehigh Valley 3 |
| TOP OF THE 9TH |
|
Albuquerque Isotopes batting - Pitching for Lehigh Valley IronPigs : RHP Alex Florez
|
|
Batting: SHB Mike Williams
|
0-0: Foul Ball, location: 2F 0-1: Ground out 6-3 (Groundball, 6, EV 85.0 MPH)
|
|
Batting: RHB Vinny Estrada
|
0-0: Ball 1-0: Called Strike 1-1: Ball 2-1: Ball 3-1: Foul Ball, location: 2F 3-2: Base on Balls
|
|
Batting: LHB Alfredo de la Cruz
|
0-0: Called Strike 0-1: Ball 1-1: Foul Ball, location: 2F 1-2: Fly out, F8 (Line Drive, 8RD, EV 92.5 MPH) Runner from 1st tags up, SAFE at 2nd
|
|
Batting: RHB Sadataka Kuwahara
|
0-0: Ball 1-0: Ground out 4-3 (Groundball, 4, EV 83.1 MPH)
|
| Top of the 9th over - 0 runs, 0 hits, 0 errors, 1 left on base; Albuquerque 3 - Lehigh Valley 3 |
| BOTTOM OF THE 9TH |
|
Lehigh Valley IronPigs batting - Pitching for Albuquerque Isotopes : LHP Angel Contreras
|
|
Batting: RHB Moritake Fukumoto
|
0-0: SINGLE (Groundball, 56D, EV 104.4 MPH)
|
|
Batting: RHB Kyle Reilly
|
0-0: Bunt missed! 0-1: Bunt missed! 0-2: Strikes out looking
|
|
Batting: RHB Victor Arroyo
|
0-0: Ball 1-0: Foul Ball, location: 2F 1-1: Fly out, F8 (Line Drive, 8RM, EV 97.5 MPH)
|
|
Batting: RHB Alberto Ramirez
|
0-0: Foul Ball, location: 2F 0-1: Foul Ball, location: 2F 0-2: Ball 1-2: Fly out, F9 (Flyball, 9, EV 78.1 MPH)
|
| Bottom of the 9th over - 0 runs, 1 hit, 0 errors, 1 left on base; Albuquerque 3 - Lehigh Valley 3 |
| TOP OF THE 10TH |
|
Albuquerque Isotopes batting - Pitching for Lehigh Valley IronPigs : RHP Alex Florez
|
|
Pitching: RHP Andy Burchfield
|
|
|
Batting: SHB Jamel Wright
|
0-0: Ball 1-0: Ground out 4-3 (Groundball, 34, EV 84.4 MPH)
|
|
Batting: LHB Gabe Harvey
|
0-0: Called Strike 0-1: Ball 1-1: Swinging Strike 1-2: Fly out, F9 (Flyball, 9, EV 84.4 MPH)
|
|
Batting: RHB Joe LaDue
|
0-0: Ball 1-0: Foul Ball, location: 2F 1-1: Swinging Strike 1-2: Strikes out looking
|
| Top of the 10th over - 0 runs, 0 hits, 0 errors, 0 left on base; Albuquerque 3 - Lehigh Valley 3 |
| BOTTOM OF THE 10TH |
|
Lehigh Valley IronPigs batting - Pitching for Albuquerque Isotopes : LHP Angel Contreras
|
|
Pitching: RHP Josh Kenyon
|
|
|
Batting: RHB Carlos Morejon
|
0-0: Swinging Strike 0-1: Ball 1-1: Called Strike 1-2: Ball 2-2: Ground out 5-3 (Groundball, 56, EV 106.2 MPH)
|
|
Batting: LHB Jose Carlos
|
0-0: Ball 1-0: Foul Ball, location: 2F 1-1: Called Strike 1-2: Ball 2-2: Ground out 4-3 (Groundball, 34, EV 104.4 MPH)
|
|
Batting: RHB Mark Schultz
|
0-0: Called Strike 0-1: Ball 1-1: Foul Ball, location: 2F 1-2: Ball 2-2: Ball 3-2: Foul Ball, location: 2F 3-2: DOUBLE (Groundball, 3L, EV 104.4 MPH)
|
|
Batting: SHB Marco de Leon
|
0-0: Ball 1-0: Ball 2-0: Reached on error, E6 (Groundball, 6, EV 87.5 MPH) Mark Schultz scores
|
| Bottom of the 10th over - 1 run, 1 hit, 1 error, 1 left on base; Albuquerque 3 - Lehigh Valley 4 |
|